 Dungeon Crawl Stone Soup version 0.30-a0-322-g102857c98e (webtiles) character file.

Game seed: 15033208165009127120

483 funkygono the Firebug (level 7, 0/57 HPs)
             Began as a Gargoyle Fire Elementalist on Oct 27, 2022.
             Slain by Duvessa
             ... wielding a +0 rapier
              (12 damage)
             ... on level 4 of the Dungeon.
             The game lasted 00:04:55 (4475 turns).

funkygono the Firebug (Gargoyle Fire Elementalist)  Turns: 4475, Time: 00:04:55

Health: 0/57       AC:  8    Str: 11    XL:     7   Next: 12%
Magic:  1/13       EV: 12    Int: 18    God:
Gold:   198        SH:  0    Dex: 16    Spells: 5/15 levels left

rFire   . . .      SeeInvis +    m - +3 whip
rCold   . . .      Faith    .    (no shield)
rNeg    + . .      Spirit   .    a - +0 robe
rPois   ∞          Reflect  .    t - +1 helmet
rElec   +          Harm     .    (no cloak)
rCorr   .          Rampage  .    (no gloves)
Will    .....                    (no boots)
Stlth   ..........               (no amulet)
HPRegen 0.29/turn                c - ring of see invisible
MPRegen 0.13/turn                r - +6 ring of dexterity

@: berserking, very quick
A: sickness immunity, AC +4, negative energy resistance 1, electricity
resistance, torment resistance 1, petrification resistance
a: no special abilities


You were on level 4 of the Dungeon.
You visited 1 branch of the dungeon, and saw 4 of its levels.

You collected 198 gold pieces.

Inventory:

Hand Weapons
 m - a +3 whip (weapon)
Armour
 a - a +0 robe (worn)
 t - a +1 helmet (worn)
Jewellery
 c - a ring of see invisible (left hand)
 r - a +6 ring of dexterity (right hand)
Scrolls
 i - a scroll of blinking
 k - a scroll of teleportation
 l - a scroll of fog
 q - a scroll of enchant armour
Potions
 b - a potion of lignification {unknown}
 e - a potion of berserk rage
 g - 2 potions of attraction {unknown}
 n - 3 potions of resistance
 o - a potion of curing {unknown}
 s - a potion of heal wounds {unknown}
 u - a potion of brilliance {unknown}


   Skills:
 + Level 1.0 Fighting
 + Level 0.7 Maces & Flails
 + Level 1.7 Dodging
 - Level 2.1 Stealth
 * Level 4.6 Spellcasting
 * Level 3.2 Conjurations
 * Level 5.2 Fire Magic


You had 5 spell levels left.
You knew the following spells:

 Your Spells              Type           Power      Damage    Failure   Level
a - Foxfire               Conj/Fire      76%        2x1d7     2%          1
b - Scorch                Fire           46%        2d7       2%          2
c - Kindle Blastsparks    Fire/Tloc/Air  20%        2d11      21%         3
d - Flame Wave            Conj/Fire      19%        2d7       24%         4

Your spell library contained the following spells:

 Spells                   Type           Power      Damage    Failure   Level
 Necrotise                Necr           16%        1d4       14%         1
 Inner Flame              Hex/Fire       13%        N/A       14%         3
 Vampiric Draining        Necr           4%         2d6       38%         3
 Agony                    Necr           4%         N/A       98%         5


Dungeon Overview and Level Annotations

Branches:
Dungeon (4/15)
 Temple: D:4-7

Altars:
Xom

Annotations:
D:4 Duvessa


Innate Abilities, Weirdness & Mutations

You are immune to sickness and miasma.
Your stone body is resilient. (AC +4)
You are immune to poison.
You resist negative energy. (rN+)
You are resistant to electric shocks. (rElec)
You are resistant to unholy torment.
You are immune to petrification.


Message History

The foxfire hits the giant cockroach.
You kill the giant cockroach!
Duvessa rages.
Casting: Foxfire (safe; 2% risk of failure)
Confirm with . or Enter, or press ? or * to list all spells.
Flames lash Duvessa.
Duvessa is lightly wounded.
Duvessa's fire resistance burns away.
The foxfire hits Duvessa but does no damage.
Duvessa is lightly wounded.
The foxfire hits Duvessa but does no damage.
Duvessa is lightly wounded.
Casting: Scorch (safe; 2% risk of failure)
Confirm with . or Enter, or press ? or * to list all spells.
You conjure some foxfire!
Duvessa barely misses you.
Casting: Foxfire (safe; 2% risk of failure)
Confirm with . or Enter, or press ? or * to list all spells.
Flames lash Duvessa but do no damage.
The foxfire hits Duvessa.
Duvessa is lightly wounded.
The foxfire hits Duvessa but does no damage.
Duvessa is lightly wounded.
Duvessa barely misses you. Duvessa hits you with a +0 rapier!!
A red film seems to cover your vision as you go berserk!
You feel yourself moving faster!
You feel mighty! Duvessa barely misses you.
Unknown command.
You barely miss Duvessa.
Duvessa is lightly wounded.
Duvessa is no longer more vulnerable to fire.
Duvessa completely misses you.
You whack Duvessa!
Duvessa is moderately wounded.
Duvessa barely misses you. Duvessa hits you with a +0 rapier.
You hit Duvessa.
Duvessa is moderately wounded.
Duvessa hits you with a +0 rapier!
* * * LOW HITPOINT WARNING * * *
You barely miss Duvessa.
Duvessa is moderately wounded.
Duvessa hits you with a +0 rapier!
You die...

...#.........#########..
##.#...###..............
.........'..............
.........#..............
.........#..............
###......####...........
........## ...........
.....##.#####.......).))
..... #@................
.... #e.......##.......
... #........ #....... .
#...!...........##
.......?........##
.)................
#.####... .. #.# ... ..
..


You could see Duvessa (berserk).

Vanquished Creatures
  A black bear (D:4)
  A phantom (D:4)
  A scorpion (D:4)
  Dowan (D:4)
  Terence (D:2)
  An orc wizard (D:4)
  7 gnolls
  4 adders
  3 dart slugs (D:3)
  4 orcs
  8 ball pythons
  4 endoplasms
  2 giant cockroaches
  6 goblins
  2 hobgoblins
  2 quokkas
  3 bats
  5 frilled lizards
  4 kobolds
  7 rats
67 creatures vanquished.

Vanquished Creatures (others)
  206 foxfires
206 creatures vanquished.

Grand Total: 273 creatures vanquished

Notes
Turn   | Place    | Note
-------+----------+-------------------------------------------
     0 | D:1      | funkygono the Gargoyle Fire Elementalist began the quest
                  | for the Orb.
     0 | D:1      | Reached XP level 1. HP: 10/10 MP: 3/3
   337 | D:1      | Reached XP level 2. HP: 15/15 MP: 1/5
   340 | D:1      | Learned a level 2 spell: Scorch
  1829 | D:2      | Reached XP level 3. HP: 19/19 MP: 1/6
  1833 | D:2      | Learned a level 3 spell: Kindle Blastsparks
  2258 | D:2      | Found a shimmering altar of Xom.
  2386 | D:2      | Noticed Terence
  2406 | D:2      | Killed Terence
  2407 | D:2      | Reached XP level 4. HP: 3/24 MP: 2/8
  2639 | D:3      | Reached skill level 4 in Fire Magic
  2885 | D:3      | Reached XP level 5. HP: 19/28 MP: 0/9
  3095 | D:3      | Found a faded altar of an unknown god.
  3861 | D:3      | Learned a level 4 spell: Flame Wave
  3894 | D:4      | Noticed a phantom
  3902 | D:4      | Killed a phantom
  3903 | D:4      | Reached XP level 6. HP: 33/33 MP: 3/11
  4032 | D:4      | Noticed a black bear
  4037 | D:4      | Killed a black bear
  4038 | D:4      | Reached skill level 1 in Fighting
  4131 | D:4      | Reached skill level 5 in Fire Magic
  4377 | D:4      | Reached XP level 7. HP: 38/38 MP: 4/13
  4458 | D:4      | Noticed Dowan
  4463 | D:4      | Killed Dowan
  4463 | D:4      | Noticed Duvessa
  4475 | D:4      | Slain by Duvessa

Illustrated notes

Levels and vault maps discovered:
D:1:      lightli_arrival_farm, layout_basic, serial_park_tiny_1
D:2:      layout_basic, basic_altar, kennysheep_generic_room_13, uniq_terence
D:3:      layout_loops_corners, shapermc_ecumenical_altar_mp_vishouse,
          minmay_misc_feat_pillars, columned_hall_lemuel, grunt_ministairs_6
D:4:      layout_basic, uniq_duvessa

Skill      XL: |  1  2  3  4  5  6 |
---------------+-------------------+-----
Conjurations   | 2 3 |  3.2
Fire Magic     | 4 5 |  5.2
Spellcasting   | 3 4 |  4.6
Fighting       | 1 |  1.0
Maces & Flails | |  0.7
Dodging        | |  1.7
Stealth        | |  2.1

Action                   |  1- 3 |  4- 6 |  7- 9 || total
-------------------------+-------+-------+-------++-------
Melee: Club              |     2 |       |       ||     2
       Whip              |     3 |     7 |     4 ||    14
       Punch             |     1 |       |       ||     1
 Cast: Foxfire           |    35 |    76 |    10 ||   121
       Scorch            |     9 |     5 |     2 ||    16
  Use: Potion            |     1 |       |     1 ||     2
       Scroll            |       |    12 |       ||    12
Armor: Robe              |     6 |     6 |       ||    12
Dodge: Dodged            |    12 |     8 |     5 ||    25

Table legend: (Time is in decaauts)
 A = Elapsed time spent in this place.
 B = Non-inter-level travel time spent in this place.
 C = Inter-level travel time spent in this place.
 D = Time resting spent in this place.
 E = Time spent auto-exploring this place.
 F = Levels seen in this place.
 G = Mean time per level.
                   A        B        C        D        E       F      G
               +--------+--------+--------+--------+--------+-----+--------+
         Total |   4500 |   4306 |    194 |    119 |   3693 |   4 | 1125.0 |
       Dungeon |   4500 |   4306 |    194 |    119 |   3693 |   4 | 1125.0 |
               +--------+--------+--------+--------+--------+-----+--------+

Top non-repeatable levels by time:
     D:1: 1546 daAuts
     D:3: 1356 daAuts
     D:2: 1016 daAuts
     D:4: 580 daAuts
